 Dungeon Crawl Stone Soup version 0.29.1-1-gd02db6906a (webtiles) character file.

Game seed: 14219282488059118196

896 Ashen the Gusty (level 7, -4/51 HPs)
             Began as a Demonspawn Air Elementalist on Oct 8, 2022.
             Killed from afar by a white imp (10 damage)
             ... with a puff of frost
             ... on level 5 of the Dungeon.
             The game lasted 00:07:08 (5451 turns).

Ashen the Gusty (Demonspawn Air Elementalist)       Turns: 5451, Time: 00:07:09

Health: -4/51      AC:  2    Str:  8    XL:     7   Next: 78%
Magic:  13/13      EV: 17    Int: 19    God:
Gold:   134        SH:  0    Dex: 13    Spells: 13/14 levels left

rFire   . . .      SeeInvis .   t - +1 short sword (venom)
rCold   . . .      Faith    .   (no shield)
rNeg    . . .      Spirit   .   a - +0 robe
rPois   .          Reflect  .   (no helmet)
rElec   .          Harm     .   (no cloak)
rCorr   .          Rampage  .   (no gloves)
Will    .....                   (no boots)
Stlth   ++........              (no amulet)
HPRegen 0.17/turn               k - +4 ring of evasion
MPRegen 0.13/turn               (no ring)

@: no status effects
A: ignite blood 2
a: no special abilities


You were on level 5 of the Dungeon.
You visited 2 branches of the dungeon, and saw 6 of its levels.

You collected 329 gold pieces.
You spent 195 gold pieces at shops.

Inventory:

Hand Weapons
 d - a +2 dagger of speed
 r - a +2 whip of draining
 t - a +1 short sword of venom (weapon)
Armour
 a - a +0 robe (worn)
 v - a +1 buckler of reflection
Jewellery
 k - a +4 ring of evasion (left hand)
 u - a ring of positive energy
Scrolls
 c - 3 scrolls of amnesia {unknown}
 e - a scroll of torment {unknown}
 i - 2 scrolls of identify {unknown}
 j - a scroll of fear {unknown}
 l - 2 scrolls of noise {unknown}
 n - 2 scrolls of fog {unknown}
 q - 4 scrolls of magic mapping {unknown}
 s - a scroll of blinking {unknown}
 x - a scroll of brand weapon {unknown}
 y - 4 scrolls of teleportation {unknown}
Potions
 b - a potion of magic
 f - 2 potions of curing
 g - a potion of mutation {unknown}
 h - a potion of flight {unknown}
 m - a potion of degeneration {unknown}
 o - a potion of heal wounds {unknown}
 p - a potion of brilliance {unknown}
 w - a potion of attraction {unknown}
 z - a potion of might {unknown}


   Skills:
 + Level 2.7 Fighting
 + Level 3.1 Dodging
 + Level 3.4 Stealth
 * Level 4.2 Spellcasting
 * Level 4.1 Conjurations
 * Level 4.6 Air Magic


You had 13 spell levels left.
You knew the following spells:

 Your Spells              Type           Power      Damage    Failure   Level
a - Shock                 Conj/Air       80%        1d8       2%          1

Your spell library contained the following spells:

 Spells                   Type           Power      Damage    Failure   Level
 Static Discharge         Conj/Air       20%        3-6/arc   3%          2
 Swiftness                Air            21%        N/A       6%          3
 Conjure Flame            Conj/Fire      11%        6-21      17%         3
 Airstrike                Air            10%        2d(2-18)  21%         4
 Ignite Poison            Fire/Tmut/Pois 3%         N/A       38%         3
 Ozocubu's Armour         Ice            3%         N/A       38%         3
 Sticky Flame             Conj/Fire      11%        2d3       50%         4
 Ozocubu's Refrigeration  Ice            1%         4d7       100%        7


Dungeon Overview and Level Annotations

Branches:
Dungeon (5/15)             Temple (1/1) D:4

Altars:
Ashenzari
Cheibriados
Dithmenos
Fedhas
Gozag
Kikubaaqudgha
Nemelex Xobeh
Okawaru
Qazlal
Ru
Sif Muna
Trog
Yredelemnul

Shops:
D:4 [

Annotations:
D:3 Grinder


Innate Abilities, Weirdness & Mutations

Your demonic aura often causes spilled blood to erupt in flames.


Message History

An ufetubus comes into view.
The orc hits you with a +0 hand axe.
The ufetubus shouts!
You hit the orc.
The orc is poisoned.
The orc is severely wounded.
The orc barely misses you.
You hit the orc.
You kill the orc!
You hit the white imp but do no damage. The white imp gestures at you.
The puff of frost misses you. The orc closely misses you. The orc misses you.
You closely miss the white imp. The white imp completely misses you.
The orc closely misses you. The orc barely misses you.
You hit the white imp.
The white imp is poisoned.
The white imp is lightly wounded.
The white imp gestures at you. The puff of frost hits you!
The orc hits you with a +0 mace! The orc closely misses you.
The ufetubus closely misses you. The ufetubus misses you.
You barely miss the white imp.
The white imp is lightly wounded.
The ufetubus hits you. The ufetubus completely misses you.
The white imp hits you. The white imp freezes you.
The orc closely misses you. x2
The ufetubus barely misses you. The ufetubus closely misses you.
You are too injured to fight recklessly!
You are too injured to fight recklessly!
The ufetubus attacks as you move away! The ufetubus completely misses you.
The ufetubus closely misses you. The white imp hits you.
The white imp freezes you. The orc hits you with a +0 mace!
* * * LOW HITPOINT WARNING * * *
The orc attacks as you move away! The orc hits you with a +0 mace!
* * * LOW HITPOINT WARNING * * *
Casting: Shock (safe; 2% risk of failure)
Confirm with . or Enter, or press ? or * to list all spells.
Okay, then.
The white imp gestures at you. The puff of frost misses you.
The white imp gestures at you. The puff of frost hits you!
You die...

.........#.........#
.....(.........#####
#.......###...#######
..###............#>##
.. ##.....5#.......#
#.#...5.##....##
#.....).##...##
..........5.###
...........@#
P.P.P.P.......#
...............#
............<.##
.............##
P.P.P..... ..........
......#.###


You could see a white imp (poisoned) and an ufetubus.

Vanquished Creatures
  Eustachio (D:4)
  A water moccasin (D:5)
  An ogre (D:5)
  A necrophage (D:4)
  A scorpion (D:4)
  2 orc priests (D:4)
  2 jellies
  A hound (D:5)
  2 iguanas
  2 orc wizards
  2 scorpion zombies (D:3)
  6 adders
  A shadow imp (D:4)
  A white imp (D:5)
  An adder zombie (D:3)
  A worm (D:2)
  A dart slug (D:5)
  11 orcs
  2 bats (D:3)
  7 endoplasms
  3 giant cockroaches
  6 goblins
  4 hobgoblins
  3 jackals (D:1)
  4 quokkas
  6 ball pythons
  3 frilled lizards
  7 kobolds
  2 rats
85 creatures vanquished.

Notes
Turn   | Place    | Note
-------+----------+-------------------------------------------
     0 | D:1      | Ashen the Demonspawn Air Elementalist began the quest for
                  | the Orb.
     0 | D:1      | Reached XP level 1. HP: 13/13 MP: 3/3
    25 | D:1      | Found a faded altar of an unknown god.
   446 | D:1      | Gained mutation: Your demonic aura sometimes causes spilled
                  | blood to erupt in flames. [demonic ancestry]
   446 | D:1      | Reached XP level 2. HP: 19/19 MP: 1/5
  1111 | D:2      | Reached XP level 3. HP: 25/25 MP: 1/6
  1999 | D:3      | Noticed Grinder
  2055 | D:3      | Reached skill level 1 in Fighting
  2055 | D:3      | Reached XP level 4. HP: 32/32 MP: 3/7
  2778 | D:3      | Reached XP level 5. HP: 25/37 MP: 9/9
  2882 | D:3      | Found a basalt altar of Yredelemnul.
  3068 | D:4      | Found a staircase to the Ecumenical Temple.
  3158 | D:4      | Noticed Eustachio
  3168 | Temple   | Entered the Ecumenical Temple
  3329 | D:4      | Killed Eustachio
  3330 | D:4      | Reached XP level 6. HP: 21/44 MP: 10/10
  4289 | D:4      | Gained mutation: Your demonic aura often causes spilled
                  | blood to erupt in flames. [demonic ancestry]
  4289 | D:4      | Reached XP level 7. HP: 50/50 MP: 12/12
  4334 | D:4      | Found Nowoem's Antique Armour Emporium.
  4341 | D:4      | Bought a glowing buckler for 195 gold pieces
  4594 | D:4      | Found a snail-covered altar of Cheibriados.
  4803 | D:5      | Entered Level 5 of the Dungeon
  5001 | D:5      | Found a shadowy altar of Dithmenos.
  5253 | D:5      | Found a sacrificial altar of Ru.
  5451 | D:5      | Killed from afar by a white imp

Illustrated notes

Levels and vault maps discovered:
D:1:      mrwooster_arrival_statue_2, layout_basic,
          dreamdust_ecumenical_altar_angels_and_demons,
          hangedman_abyss_or_decor_stabs
D:2:      layout_basic
D:3:      layout_rooms, nicolae_yredelemnul_corpse_copse, nicolae_eternal_life,
          uniq_grinder
D:4:      layout_basic, kennysheep_little_box, minmay_temple_entry_ruins,
          serial_shops, nicolae_shop_crystal, hex_large, uniq_eustachio
D:5:      layout_cave_pools, marbit_many_paths, nicolae_ru_path_of_blood,
          serial_park, serial_park_avenue1, serial_park_avenue1,
          serial_park_tiny_2
Temple:   nicolae_temple_bog_church

Skill      XL: |  1  2  3  4  5  6  7 |
---------------+----------------------+-----
Stealth        | 2 3 |  3.4
Dodging        | 2 3 |  3.1
Air Magic      | 3 4 |  4.6
Fighting       | 1 2 |  2.7
Conjurations   | 2 3 4 |  4.1
Spellcasting   | 3 4 |  4.2

Action                   |  1- 3 |  4- 6 |  7- 9 || total
-------------------------+-------+-------+-------++-------
Melee: Unarmed           |    17 |       |       ||    17
       Dagger            |    35 |    36 |       ||    71
       Short sword       |       |    48 |    22 ||    70
       Punch             |       |     4 |     1 ||     5
 Cast: Shock             |    51 |    38 |    40 ||   129
  Use: Potion            |       |     1 |       ||     1
 Stab: Sleeping          |     2 |     4 |     1 ||     7
Armor: Robe              |    11 |    11 |     1 ||    23
Dodge: Dodged            |    49 |    80 |    38 ||   167
